 Dungeon Sprint DCSS version 0.27-a0-216-g1fbed8a51c (webtiles) character file.

Game seed: 11901421083821867614

110 mhtbhm the Covert (level 4, -10/23 HPs)
             Began as a Spriggan Brigand on Jan 31, 2021.
             Splashed by an oklob sapling wizard's acid (14 damage)
             ... in the Dungeon (Sprint IV: "Fedhas' Mad Dash").
             The game lasted 00:00:39 (404 turns).

mhtbhm the Covert (Spriggan Brigand)                 Turns: 404, Time: 00:00:39

Health: -10/23     AC:  3    Str:  7    XL:     4   Next: 61%
Magic:  5/5        EV: 17    Int: 12    God:
Gold:   34         SH:  0    Dex: 18    Spells: 3/3 levels left

rFire    . . .     SeeInvis +   a - +2 dagger
rCold    . . .     Faith    .   (shield restricted)
rNeg     . . .     Spirit   .   b - +0 robe
rPois    .         Reflect  .   (helmet restricted)
rElec    .         Harm     .   c - +0 cloak
rCorr    .         Rampage  .   (gloves unavailable)
Will     .....     NoTele   +   (boots unavailable)
Stlth    +++++.....             l - amulet of invisibility {+Inv}
HPRegen  0.07/turn              (no ring)
MPRegen  0.09/turn              (no ring)

@: very quick
A: very small, unfitting armour, see invisible, speed 3
a: Evoke Invisibility


You were in the Dungeon.
You visited 1 branch You collected 34 gold pieces.

Inventory:

Hand Weapons
 a - a +2 dagger (weapon)
Missiles
 d - 8 poisoned darts
 e - 2 curare-tipped darts (quivered)
Armour
 b - a +0 robe (worn)
 c - a +0 cloak (worn)
Jewellery
 l - the amulet of invisibility (around neck) {+Inv}
   (You found it in the Dungeon)

   [amulet of nothing]

   It lets you turn invisible.
Scrolls
 k - a scroll of blinking
Potions
 f - a potion of curing
 g - a potion of heal wounds
 h - 2 potions of haste
 i - 2 potions of magic
 j - a potion of berserk rage


   Skills:
 + Level 2.5 Fighting
 + Level 3.8 Short Blades
 + Level 3.6 Throwing
 + Level 1.9 Dodging
 + Level 12.7 Stealth
 + Level 0.8 Evocations


You had 3 spell levels left.
You didn't know any spells.
Your spell library was empty.

Dungeon Overview and Level Annotations

Branches:
Dungeon (1/1)

Altars:
Cheibriados
Dithmenos
Elyvilon
Gozag
Hepliaklqana
Kikubaaqudgha
Makhleb
Nemelex Xobeh
Okawaru
Qazlal
Ru
Sif Muna
Trog
Uskayaw
Vehumet
Wu Jian
Xom
Yredelemnul
Zin
The Shining One
Beogh
Jiyva
Lugonu

Annotations:
D exclusion: oklob sapling


Innate Abilities, Weirdness & Mutations

You are very small and have problems with some larger weapons.
You are too small for most types of armour.
You have supernaturally acute eyesight. (SInv)
You cover ground extremely quickly.


Message History

You start resting.
You flicker back into view.
You start resting.
Magic restored.
You start waiting.
Your magical contamination has completely faded away.
You open the door.
An oklob sapling wizard comes into view.
Marking area around an oklob sapling as unsafe for travelling.
Found a robe and a scroll labelled OWKITH VINOMEU.
There is an open door here.
The oklob sapling wizard stares at you and mumbles some strange words.
The magic dart hits you!
There is an open door here.
The oklob sapling wizard spits acid at you.
The splash of acid hits you!
* * * LOW HITPOINT WARNING * * *
You are splashed with acid!
Ouch! That really hurt!
You die...

#####################
...#.⌠._._._._.⌠.#.[+
[..'.._._._._._..'.P#
†..#..._._._._..@#..#
#+##.._._._._._..#.?#
#._._._._._.⌠.####
###############


You could see an oklob sapling wizard.

Vanquished Creatures
  2 oklob saplings (D)
  A worker ant (D)
  A river rat (D)
  A rat (D)
5 creatures vanquished.

Notes
Turn   | Place    | Note
-------+----------+-------------------------------------------
     0 | D        | mhtbhm the Spriggan Brigand began the quest for the Orb.
     0 | D        | Reached XP level 1. HP: 10/10 MP: 2/2
     7 | D        | Reached skill level 7 in Stealth
     7 | D        | Reached XP level 2. HP: 15/15 MP: 3/3
    16 | D        | Noticed an oklob sapling
   323 | D        | Killed an oklob sapling
   324 | D        | Reached skill level 10 in Stealth
   324 | D        | Reached XP level 3. HP: 18/18 MP: 4/4
   327 | D        | Found the amulet of invisibility {+Inv}
   329 | D        | Reached skill level 11 in Stealth
   358 | D        | Found an opulent altar of Gozag.
   358 | D        | Found a hazy altar of Hepliaklqana.
   358 | D        | Found a burning altar of Makhleb.
   358 | D        | Found a roughly hewn altar of Beogh.
   358 | D        | Found a sparkling altar of Nemelex Xobeh.
   358 | D        | Found a snail-covered altar of Cheibriados.
   358 | D        | Found a sacrificial altar of Ru.
   358 | D        | Found a shimmering blue altar of Sif Muna.
   358 | D        | Found a shimmering altar of Xom.
   358 | D        | Found a basalt altar of Yredelemnul.
   359 | D        | Found a viscous altar of Jiyva.
   359 | D        | Found a bloodstained altar of Trog.
   359 | D        | Found an ornate altar of the Wu Jian Council.
   359 | D        | Noticed an oklob sapling priest
   360 | D        | Found an iron altar of Okawaru.
   360 | D        | Found a shadowy altar of Dithmenos.
   360 | D        | Found a glowing silver altar of Zin.
   361 | D        | Found an ancient bone altar of Kikubaaqudgha.
   361 | D        | Found a hide-covered altar of Uskayaw.
   362 | D        | Found a stormy altar of Qazlal.
   362 | D        | Found a white marble altar of Elyvilon.
   362 | D        | Found a glowing golden altar of the Shining One.
   363 | D        | Found a corrupted altar of Lugonu.
   363 | D        | Found a radiant altar of Vehumet.
   366 | D        | Killed an oklob sapling priest
   367 | D        | Reached skill level 12 in Stealth
   367 | D        | Reached XP level 4. HP: 23/23 MP: 2/5
   404 | D        | Splashed by an oklob sapling wizard's acid

Illustrated notes

Levels and vault maps discovered:
D:        dungeon_sprint_fedhas [sprint_temple]

Skill      XL: |  1  2  3 |
---------------+----------+-----
Stealth        | 7 10 12 | 12.7
Fighting       | 2 |  2.5
Short Blades   | 3 |  3.8
Throwing       | 3 |  3.6
Dodging        | |  1.9
Evocations     | |  0.8

Action                   |  1- 3 |  4- 6 || total
-------------------------+-------+-------++-------
Melee: Dagger            |     6 |       ||     6
Throw: Dart              |     1 |       ||     1
 Abil: Evoke Invisibilit |     1 |       ||     1
 Stab: Distracted        |     1 |       ||     1
       Sleeping          |     2 |       ||     2

Table legend: (Time is in decaauts)
 A = Elapsed time spent in this place.
 B = Non-inter-level travel time spent in this place.
 C = Inter-level travel time spent in this place.
 D = Time resting spent in this place.
 E = Time spent auto-exploring this place.
 F = Levels seen in this place.
 G = Mean time per level.
                   A        B        C        D        E       F      G
               +--------+--------+--------+--------+--------+-----+--------+
         Total |    384 |    384 |      0 |    325 |      0 |   1 |  384.0 |
       Dungeon |    384 |    384 |      0 |    325 |      0 |   1 |  384.0 |
               +--------+--------+--------+--------+--------+-----+--------+

Top non-repeatable levels by time:
       D: 384 daAuts
